 Dungeon Crawl Stone Soup version 0.28.0-53-g5a82cb258f (webtiles) character file.

Game seed: 9906971491903077375

7415 BeingJoeMalik the Cleaver (level 10, -7/74 HPs)
             Began as a Demigod Fighter on July 25, 2022.
             Mangled by a black mamba (12 damage)
             ... on level 1 of the Lair of Beasts.
             The game lasted 00:25:06 (12556 turns).

BeingJoeMalik the Cleaver (Demigod Fighter)        Turns: 12556, Time: 00:25:06

Health: -7/74      AC: 12    Str: 21    XL:     10   Next: 62%
Magic:  0/13       EV: 10    Int: 10    God:
Gold:   466        SH:  0    Dex: 21    Spells: 9/9 levels left

rFire   . . .      SeeInvis .   k - +2 battleaxe (flame)
rCold   . . .      Faith    .   (shield currently unavailable)
rNeg    . . .      Spirit   +   t - +0 acid dragon scales
rPois   .          Reflect  .   f - +0 helmet
rElec   .          Harm     .   (no cloak)
rCorr   +          Rampage  .   r - +0 pair of gloves
Will    ++...                   g - +2 pair of boots of Fuzzy Birdsong {Fly}
Stlth   +.........              h - amulet of guardian spirit
HPRegen 0.22/turn               i - ring of willpower
MPRegen 0.13/turn               (no ring)

@: flying
A: high MP 1, forlorn, divine attributes
a: no special abilities


You were on level 1 of the Lair of Beasts.
You visited 2 branches of the dungeon, and saw 10 of its levels.
You also visited: Ossuary.

You collected 642 gold pieces.
You spent 176 gold pieces at shops.

Inventory:

Hand Weapons
 a - a +1 war axe of chaos
 k - a +2 battleaxe of flaming (weapon)
 H - a +3 hand axe of freezing
Missiles
 y - 3 poisoned darts (quivered)
 J - a curare-tipped dart
Armour
 c - a +0 buckler
 f - a +0 helmet (worn)
 g - the +2 pair of boots of Fuzzy Birdsong (worn) {Fly}
   (You acquired it on level 3 of the Dungeon)

   Fly:       It grants you flight.
 m - a +4 scale mail
 p - +0 steam dragon scales
 r - a +0 pair of gloves (worn)
 t - +0 acid dragon scales (worn)
 B - the +1 robe of Tartarus {+Blink rF++}
   (You found it on level 8 of the Dungeon)

   rF:        It greatly protects you from fire.
   +Blink:    It lets you blink.
Jewellery
 h - an amulet of guardian spirit (around neck)
 i - a ring of willpower (left hand)
Wands
 b - a wand of polymorph (6)
 z - a wand of flame (18)
 I - a wand of digging (8)
Scrolls
 d - 6 scrolls of teleportation
 l - 2 scrolls of amnesia {unknown}
 o - a scroll of fog
 q - a scroll of enchant weapon
 C - 2 scrolls of fear
 D - 2 scrolls of identify
 F - a scroll of magic mapping
Potions
 e - a potion of brilliance
 j - a potion of lignification
 n - 4 potions of flight
 s - 2 potions of attraction
 u - a potion of ambrosia
 v - 3 potions of cancellation
 x - a potion of magic
 A - 2 potions of curing
 E - a potion of invisibility {unknown}
 G - 3 potions of mutation


   Skills:
 - Level 2.6 Fighting
 + Level 14.7 Axes
 - Level 2.6 Armour
 - Level 5.1 Shields


You had 9 spell levels left.
You didn't know any spells.
Your spell library contained the following spells:

 Spells                   Type           Power      Damage    Failure   Level
 Scorch                   Fire           0%         2d5       58%         2
 Gell's Gravitas          Tloc           0%         N/A       82%         3
 Inner Flame              Hex/Fire       0%         N/A       82%         3
 Lesser Beckoning         Tloc           0%         N/A       82%         3
 Teleport Other           Tloc           0%         N/A       82%         3
 Cause Fear               Hex            0%         N/A       99%         4
 Flame Wave               Conj/Fire      0%         2d4       99%         4
 Summon Cactus Giant      Summ           0%         N/A       100%        6
 Discord                  Hex            0%         N/A       100%        8


Dungeon Overview and Level Annotations

Branches:
Dungeon (9/15)             Temple (0/1) D:4            Lair (1/6) D:8
Ossuary (visited)
    Orc: D:9-12

Shops:
D:8 *

Annotations:
D:5 3 runed translucent doors, bnorton916's ghost, novice DEFE


Innate Abilities, Weirdness & Mutations

You have an increased reservoir of magic. (+10% MP)
You shall have no god before yourself.
Your divine heritage dramatically boosts your attributes as you level up.


Message History

You miss the black mamba. The black mamba bites you. The black mamba bites you!
You miss the black mamba.
The black mamba bites you but does no damage.
The black mamba bites you!
You barely miss the black mamba.
The black mamba bites you but does no damage.
You slash the black mamba! You burn the black mamba.
The black mamba is moderately wounded.
The black mamba bites you!
You are poisoned.
The black mamba poisons you! The black mamba closely misses you.
You barely miss the black mamba.
The black mamba is moderately wounded.
You feel very sick. The black mamba barely misses you.
The black mamba bites you!
* * * LOW HITPOINT WARNING * * *
You slash the black mamba! You burn the black mamba.
The black mamba is heavily wounded.
You feel very sick. The black mamba bites you!
* * * LOW HITPOINT WARNING * * *
The black mamba closely misses you.
You feel better. The black mamba bites you!
* * * LOW HITPOINT WARNING * * *
Unknown command.
You closely miss the black mamba.
The black mamba is heavily wounded.
The black mamba bites you but does no damage.
The black mamba bites you.
* * * LOW HITPOINT WARNING * * *
Unknown command.
You slash the black mamba! You burn the black mamba.
The black mamba is almost dead.
The black mamba closely misses you. The black mamba barely misses you.
Unknown command.
You closely miss the black mamba.
The black mamba is almost dead.
The black mamba bites you but does no damage.
The black mamba bites you!
You die...

....#...............# .
.....................#
............#......#..#
.#..#.#....#...........
...#####..##......##
....####..#.......#
......#...........#
..................#
........@..P........
........S..#........
......(.............
......#.)†.#........
#.#P..#....#......#
..................
............. .
..........P....
#####..##....


You could see a black mamba.

Vanquished Creatures
  Joseph (D:7)
  Maggie (D:8)
  Grinder (D:4)
  4 yaks (D:8)
  A basilisk (Lair:1)
  A wyvern (D:8)
  Grum (Lair:1)
  2 steam dragons (D:6)
  3 wargs (D:8)
  An acid dragon (D:8)
  2 water moccasins
  4 orc warriors
  3 ice beasts
  A sky beast (D:6)
  2 black bears
  3 ogres
  4 wolves (Lair:1)
  A necrophage (D:6)
  4 centaurs
  2 phantoms (D:5)
  2 kobold brigands (D:8)
  6 bullfrogs
  4 scorpions
  A wyvern zombie (D:7)
  A wyvern skeleton (D:7)
  A water moccasin skeleton (D:7)
  4 killer bees (D:7)
  3 jellies
  12 wights
  A centaur zombie (D:8)
  A crimson imp (D:6)
  6 hounds
  6 orc priests
  8 orc wizards
  A hound skeleton (D:4)
  A howler monkey zombie (D:8)
  8 mummies (Ossuary)
  A howler monkey skeleton (D:5)
  8 adders
  3 white imps
  5 worms
  A dart slug (D:3)
  29 orcs
  4 bats
  8 endoplasms
  A giant cockroach (D:1)
  5 goblins
  5 hobgoblins
  2 jackals (D:4)
  13 kobolds
  7 quokkas
  10 ball pythons
  3 frilled lizards
  A gnoll zombie (Ossuary)
  2 hobgoblin zombies (Ossuary)
  3 kobold zombies (Ossuary)
  2 orc zombies (Ossuary)
  2 rats
223 creatures vanquished.

Vanquished Creatures (others)
  17 plants (D:3)
17 creatures vanquished.

Grand Total: 240 creatures vanquished

Notes
Turn   | Place    | Note
-------+----------+-------------------------------------------
     0 | D:1      | BeingJoeMalik the Demigod Fighter began the quest for the
                  | Orb.
     0 | D:1      | Reached XP level 1. HP: 18/18 MP: 3/3
    47 | D:1      | Reached skill level 2 in Axes
   313 | D:1      | Reached XP level 2. HP: 25/25 MP: 4/4
   583 | D:2      | Reached skill level 3 in Axes
   858 | D:2      | Reached XP level 3. HP: 30/30 MP: 5/5
  1599 | D:2      | Reached skill level 4 in Axes
  1738 | D:2      | Reached XP level 4. HP: 27/37 MP: 6/6
  2177 | D:3      | Identified 2 scrolls of acquirement
  2177 | D:3      | Acquired the +2 pair of boots of Fuzzy Birdsong {Fly}
  2688 | D:3      | Reached skill level 5 in Axes
  2961 | D:4      | Reached XP level 5. HP: 42/42 MP: 5/7
  3012 | D:4      | Found a staircase to the Ecumenical Temple.
  3625 | D:4      | Noticed Grinder
  3641 | D:4      | Killed Grinder
  3642 | D:4      | Reached skill level 6 in Axes
  3642 | D:4      | Reached XP level 6. HP: 50/50 MP: 8/8
  3897 | D:5      | Entered Level 5 of the Dungeon
  3915 | D:5      | Reached skill level 7 in Axes
  4093 | D:5      | Reached XP level 7. HP: 51/56 MP: 7/9
  4173 | D:5      | Found a runed translucent gate.
  4174 | D:5      | Found a runed translucent gate.
  4174 | D:5      | Found a runed translucent gate.
  4177 | D:5      | Noticed a wyvern
  4177 | D:5      | Noticed bnorton916's ghost (novice DEFE)
  4307 | D:5      | Reached skill level 8 in Axes
  5182 | D:5      | Reached skill level 9 in Axes
  5339 | D:5      | Reached XP level 8. HP: 6/62 MP: 0/10
  5914 | D:6      | Reached skill level 10 in Axes
  7051 | D:6      | Reached skill level 11 in Axes
  7242 | D:6      | Reached XP level 9. HP: 68/68 MP: 11/11
  8071 | D:7      | Found a sand-covered staircase.
  8075 | Ossuary  | Entered an ossuary
  8475 | D:7      | Noticed Joseph
  8488 | D:7      | Killed Joseph
  8489 | D:7      | Reached skill level 12 in Axes
  9861 | D:7      | Reached skill level 5 in Shields
 10275 | D:7      | Acquired a +2 battleaxe of flaming
 10360 | D:8      | Reached skill level 13 in Axes
 10367 | D:8      | Reached XP level 10. HP: 30/74 MP: 7/13
 10608 | D:8      | Identified the +1 robe of Tartarus {+Blink rF++}
 11385 | D:8      | You are sucked into a shaft and drop 1 floor!
 11594 | D:8      | Found a staircase to the Lair.
 11613 | D:8      | Reached skill level 14 in Axes
 11714 | D:8      | Found Hully's Changing Room.
 11723 | D:8      | Bought a potion of mutation for 88 gold pieces
 11723 | D:8      | Bought a potion of mutation for 88 gold pieces
 12195 | Lair:1   | Entered Level 1 of the Lair of Beasts
 12195 | Lair:1   | Noticed Maggie
 12217 | D:8      | Killed Maggie
 12526 | Lair:1   | Noticed Grum
 12540 | Lair:1   | Noticed a black mamba
 12542 | Lair:1   | Killed Grum
 12556 | Lair:1   | Mangled by a black mamba

Illustrated notes

Levels and vault maps discovered:
D:1:      nicolae_arrival_memento_mori, layout_rooms
D:2:      layout_loops_ring, shapermc_ecumenical_altar_mp_vishouse
D:3:      layout_rooms, minmay_crystal_water, chequers_decorated_corner,
          serial_bayou_lagoon_b
D:4:      layout_loops_ring, kennysheep_mini_moat,
          nicolae_wu_jian_immortal_techniques,
          minmay_temple_entry_drinking_statues, uniq_grinder
D:5:      layout_basic, ebering_ghost_gozag, grunt_ministairs_9,
          nicolae_elevator_lobby_plus
D:6:      layout_layer_cave, minmay_fire_ice_demons
D:7:      layout_gridville, good_gods_mini_temple, enter_ossuary_5, uniq_joseph
D:8:      minmay_evil_eye, layout_gridville, grunt_temple_overflow_open,
          erik_lair_orcish_takeover, nicolae_transmutations_shop, minmay_puff
D:9:      layout_rooms, uniq_psyche
Lair:1:   layout_gridlike, uniq_grum, uniq_maggie

Skill      XL: |  1  2  3  4  5  6  7  8  9 10 |
---------------+-------------------------------+-----
Axes           | 2 3 4 5 6 7 9 11 13 14 | 14.7
Shields        | 3 4 5 |  5.1
Fighting       | |  2.6
Armour         | |  2.6

Action                   |  1- 3 |  4- 6 |  7- 9 | 10-12 || total
-------------------------+-------+-------+-------+-------++-------
Melee: War axe           |   127 |   164 |   438 |    21 ||   750
       Battleaxe         |       |       |       |   102 ||   102
  Use: Potion            |     1 |     1 |     6 |     3 ||    11
       Scroll            |       |     7 |    11 |       ||    18
 Stab: Sleeping          |       |       |     4 |       ||     4
Armor: Scale mail        |    46 |    92 |   130 |       ||   268
       Steam dragon scal |       |       |    91 |       ||    91
       Acid dragon scale |       |       |       |    63 ||    63
Dodge: Dodged            |    45 |    65 |   172 |    55 ||   337
Block: Buckler           |    37 |    32 |   139 |     3 ||   211
